 Dungeon Crawl Stone Soup version 5.7-8-g3a8b389 (webtiles) character file.

29808 justtesting the Impaler (level 15, 0/122 HPs)
             Began as a Demonspawn Necromancer on Sept 19, 2018.
             Was the Champion of Jiyva.
             Killed from afar by Vashnia (16 damage)
             ... with a splash of poison
             ... on level 3 of the Snake Pit on Sept 21, 2018.
             The game lasted 01:51:23 (19767 turns).

justtesting the Impaler (Demonspawn Necromancer)   Turns: 19767, Time: 01:51:25

Health: 0/122      AC: 16 (19%)Str: 22  XL:     15   Next: 32%
Magic:  0/20       EV: 26    Int: 22    God:    Jiyva [6*[200]]
Gold:   1094       SH:  0    Dex: 21    Spells: 14/29 levels left

rFire    + . .     SeeInvis .   Q - +5 glaive (vamp)
rCold    . . .     Faith    .   (shield currently unavailable)
rNeg     + . .     Spirit   +   Y - +3 troll leather armour
rPois    .         Reflect  .   I - +2 hat
rElec    +                      (cloak unavailable)
rCorr    +                      H - +0 pair of gloves
MR       ++...                  (boots unavailable)
Stlth    ++++......             O - amulet of guardian spirit
Regen    1.4/turn               J - +3 ring of protection
MPRegen  0.3/turn               t - ring of protection from magic

@: mighty, brilliant, agile, lethally poisoned (0 -> -5), appendage,
regenerating
A: beak, horns 2, talons 3, molten scales 2, fire resistance 1, foul stench 2,
negative energy resistance 1, passive freeze, powered by pain 2, electricity
resistance, strong, eyeballs, augmentation 1, prehensile tentacle 3
a: End Regeneration, End Animate Dead, End Transformation, Slimify, Cure Bad
Mutation, Renounce Religion


You were on level 3 of the Snake Pit.
You worshipped Jiyva.
Jiyva was exalted by your worship.
You were not hungry.
You had grown temporary horns.
You visited 4 branches of the dungeon, and saw 21 of its levels.
You visited the bazaar 3 times.
You also visited: Sewer.

You collected 1851 gold pieces.
You spent 757 gold pieces at shops.

Inventory:

Hand Weapons
 m - a +1 glaive of devastation
 o - a +3 vampiric trident
 v - a +0 longbow
 B - a +0 arbalest of freezing
 Q - a +5 vampiric glaive (weapon)
 W - a +2 antimagic bardiche
Missiles
 c - 19 curare darts
 g - 126 javelins (quivered)
 L - 131 poisoned darts
 M - 11 tomahawks
Armour
 H - a +0 pair of gloves (worn)
 I - a +2 hat (worn)
 Y - a +3 troll leather armour (worn)
Jewellery
 d - an uncursed ring of ice
 f - an uncursed ring of fire
 i - an uncursed ring of wizardry
 t - a ring of protection from magic (right hand)
 D - a +5 ring of intelligence
 J - a +3 ring of protection (left hand)
 O - an amulet of guardian spirit (around neck)
Wands
 a - a wand of iceblast (9)
 h - a wand of confusion (25)
 n - a wand of slimification (16)
 A - a wand of lightning (12)
 E - a wand of flame (19)
 X - a wand of clouds (7)
Scrolls
 e - 5 scrolls of teleportation
 j - 4 scrolls of blinking
 x - 3 scrolls of immolation
 y - 6 scrolls of noise
 z - 3 scrolls of fog
 G - 3 scrolls of magic mapping
 U - 3 scrolls of fear
Potions
 b - 6 potions of flight
 l - 3 potions of haste
 q - 4 potions of augmentation
 r - 4 potions of resistance
 s - a potion of ambrosia
 u - 3 potions of magic
 w - 3 potions of invisibility
 C - 5 potions of lignification
 F - a potion of berserk rage
 K - 3 potions of mutation
 N - a potion of cancellation
 V - 2 potions of heal wounds
Miscellaneous
 k - a disc of storms
 p - a fan of gales


   Skills:
 + Level 12.3 Fighting
 - Level 15.5 Polearms
 - Level 10.1 Dodging
 - Level 5.0 Stealth
 - Level 2.4 Unarmed Combat
 - Level 2.0 Charms
 - Level 9.3 Summonings
 - Level 8.9 Necromancy
 - Level 1.0 Transmutations
 - Level 5.7 Evocations


You had 14 spell levels left.
You knew the following spells:

 Your Spells              Type           Power        Failure   Level  Hunger
a - Pain                  Necr           25 (25)      1%          1    N/A
b - Regeneration          Chrm/Necr      43 (200)     1%          3    N/A
c - Beastly Appendage     Tmut           23 (50)      1%          1    N/A
d - Animate Dead          Necr           55 (200)     1%          4    N/A
e - Shadow Creatures      Summ           N/A          8%          6    N/A

Your spell library contained the following spells:

 Spells                   Type           Power        Failure   Level  Hunger
 Bolt of Fire             Fire           19 (200)     90%         6    N/A
 Invisibility             Hex            19 (200)     100%        7    N/A
 Summon Horrible Things   Summ           57 (200)     89%         8    N/A
 Control Undead           Necr           55 (200)     1%          4    N/A
 Vampiric Draining        Necr           55 (200)     1%          3    N/A
 Sublimation of Blood     Necr           55 (200)     1%          2    N/A
 Summon Greater Demon     Summ           57 (200)     32%         7    N/A
 Iron Shot                Erth           19 (200)     90%         6    N/A
 Swiftness                Chrm/Air       23 (100)     2%          2    N/A
 Spider Form              Tmut           23 (200)     4%          3    N/A
 Blade Hands              Tmut           23 (200)     32%         5    N/A
 Statue Form              Tmut/Erth      21 (150)     86%         6    N/A
 Ice Form                 Ice/Tmut       21 (100)     16%         4    N/A
 Passwall                 Tmut/Erth      21 (200)     3%          2    N/A
 Ensorcelled Hibernation  Hex/Ice        19 (50)      3%          2    N/A
 Silence                  Hex/Air        19 (200)     19%         4    N/A
 Shatter                  Erth           19 (200)     100%        9    N/A
 Static Discharge         Air            19 (100)     7%          3    N/A
 Lee's Rapid Deconstruct  Erth           19 (200)     43%         5    N/A
 Monstrous Menagerie      Summ           57 (200)     32%         7    N/A
 Passage of Golubria      Tloc           N/A          19%         4    N/A
 Orb of Destruction       Erth           19 (200)     100%        7    N/A
 Malign Gateway           Summ/Tloc      39 (200)     86%         7    N/A
 Tornado                  Air            19 (200)     100%        9    N/A
 Leda's Liquefaction      Hex/Erth       19 (200)     19%         4    N/A
 Darkness                 Hex            19 (200)     100%        7    N/A
 Fulminant Prism          Air            19 (200)     43%         5    N/A
 Dazzling Spray           Hex/Fire       19 (50)      7%          3    N/A
 Force Lance              Tloc/Erth      19 (100)     7%          3    N/A
 Ignition                 Fire           19 (200)     100%        8    N/A

Dungeon Overview and Level Annotations

Branches:
Dungeon (15/15)             Snake (3/3) Orc:2         Slime (0/3) Orc:2
    Orc (2/2) D:15         Vaults (0/3) D:15         Depths (0/3) D:15
 Bazaar (1/1)
  Swamp: Orc:2       Shoals: Orc:2

Altars:
Cheibriados
Dithmenos
Elyvilon
Gozag
Jiyva
Kikubaaqudgha
Lugonu
Makhleb
Nemelex Xobeh
Okawaru
Qazlal
Ru
Sif Muna
Trog
Uskayaw
Vehumet
Wu Jian
Xom
Yredelemnul
Zin
The Shining One

Shops:
Bazaar [}=(![*}

Annotations:
D:15 exclusion: Roxanne, Roxanne
Snake:3 Vashnia


Innate Abilities, Weirdness & Mutations

You are mostly covered in molten scales. (AC +3)
You sometimes emit foul miasma when damaged in melee.
You sometimes gain power by taking damage.
Your magical and physical power is slightly enhanced at high health.
Your prehensile tentacle constricts enemies.
You have a beak for a mouth.
You have a pair of horns on your head.
You have claws for feet.
Your flesh is heat resistant. (rF+)
You resist negative energy. (rN+)
A frigid envelope surrounds you and freezes all who hurt you.
You are resistant to electric shocks. (rElec)
Your muscles are strong. (Str +5)
Your body is covered in golden eyes which may confuse attackers. (Acc +7)


Message History

The arrow barely misses you (0).
Vashnia shoots an arrow.
The arrow hits you (12)!
* * * LOW HITPOINT WARNING * * *
The naga sharpshooter gestures wildly while chanting.
The naga sharpshooter magically shoots an arrow.
The arrow hits you (20)!!
* * * LOW HITPOINT WARNING * * *
You focus on the pain.
You feel mightier all of a sudden.
You feel more clever all of a sudden.
Throwing (i - inventory. (,) - cycle):
g - 127 javelins (quivered)
Press: ? - help, Shift-Dir - straight line, f/p - Vashnia
Aim: Vashnia, wielding a +0 longbow and wearing a +1 naga barding of fire resistance (almost dead)
You throw a javelin.
The javelin hits Vashnia but does no damage.
Vashnia is almost dead.
Vashnia spits poison at you. The splash of poison hits you!
You are poisoned.
That hurt (19)!
You die...

#.......##....................##
#.......###.................#..#
#.......###......######...###..#
#........#.......#....##.#####.#
#...............##.....#...###..
#...............'.....##........
#...............##....#........#
#................#....#........#
#.....#######..@.#....#..####..#
#.....#.....+....##'###.## #..#
.....#.....#.....N.....## #..#
.....#.....#.....N......####...
#.....##'####N............##...#
#.........................#...##
#....)....########'######.....#
##.........# ### #.....#
#.....##...# +.....#


You could see Vashnia and 2 naga sharpshooters.

Vanquished Creatures
  Rupert (D:15)
  Aizul (Snake:2)
  A great orb of eyes (D:10)
  An ogre mage (D:15)
  5 naga warriors
  2 rakshasas (D:15)
  2 vault guards (D:15)
  An anaconda (Snake:2)
  A hydra (D:15)
  8 two-headed ogres
  3 centaur warriors
  A death knight (D:13)
  2 death yaks (D:11)
  3 shock serpents
  An orc high priest (D:12)
  4 naga sharpshooters
  A death scarab (shapeshifter) (D:14)
  A salamander mystic (Snake:2)
  A glowing orange brain (D:15)
  2 unseen horrors
  A wizard (D:15)
  A mana viper (Snake:2)
  3 orc knights
  A necromancer (D:15)
  12 ugly things
  3 orc sorcerers
  A deep elf mage (D:15)
  2 manticores
  5 salamanders (Snake:2)
  4 cyclopes
  8 naga magi
  6 black mambas
  5 gargoyles
  3 spiny frogs
  2 rime drakes (D:12)
  9 trolls
  A blink frog (D:10)
  15 slime creatures
  A harpy skeleton (D:15)
  3 shadows
  A tarantella (shapeshifter) (D:13)
  9 wyverns
  2 vampires
  A black mamba zombie (D:9)
  A wraith (D:13)
  5 yaks (D:11)
  A human (shapeshifter) (D:14)
  2 angry ghosts
  Grum (D:9)
  17 humans (D:15)
  5 wargs
  14 nagas
  2 spiny frog zombies
  An acid dragon (D:12)
  A water moccasin (D:11)
  4 ice beasts
  2 spiny frog skeletons
  2 wasps
  43 orc warriors
  2 phantoms
  15 ogres
  A blink frog zombie (D:9)
  2 wolves (D:9)
  2 rime drake zombies
  13 centaurs
  A bullfrog (D:7)
  A bullfrog (shapeshifter) (D:15)
  A wyvern zombie (D:10)
  2 wyvern skeletons
  A scorpion (D:6)
  5 crimson imps
  5 killer bees
  4 howler monkeys
  24 wights
  An electric eel (D:10)
  A lava snake (D:10)
  2 wasp zombies
  3 centaur zombies
  4 hounds
  Crazy Yiuf (D:2)
  8 jellies
  19 orc wizards
  16 orc priests
  4 centaur skeletons
  4 worker ants
  A killer bee zombie (D:8)
  7 iguanas
  6 gnolls
  8 adders
  6 shadow imps
  2 oozes (Sewer)
  6 dart slugs
  69 orcs
  7 quokkas
  10 bats
  12 giant cockroaches
  5 hobgoblins
  12 jackals
  4 ball pythons
  6 frilled lizards
  10 goblins
  12 kobolds
  9 rats
576 creatures vanquished.

Vanquished Creatures (collateral kills)
  An anaconda (Snake:2)
  A death yak (D:11)
  A two-headed ogre (D:12)
  An orc high priest (D:11)
  2 necromancers (D:15)
  An ugly thing (D:15)
  A cyclops (D:11)
  A naga mage (Snake:1)
  2 black mambas (Snake:2)
  A guardian serpent (Snake:1)
  A gargoyle (D:12)
  A rime drake (D:9)
  A tengu conjurer (D:14)
  Prince Ribbit (D:9)
  3 slime creatures
  A vampire (D:10)
  2 humans (D:15)
  A yak (D:11)
  A naga (Snake:1)
  2 ice beasts
  A blink frog zombie (D:9)
  A wolf (D:9)
  3 centaurs
  2 killer bees
  2 wights (D:9)
  A hound (D:9)
  A jelly (D:9)
  An orc priest (D:12)
  6 orcs
  A fungus (D:14)
45 creatures vanquished.

Vanquished Creatures (others)
  2 plants (Snake:1)
2 creatures vanquished.

Grand Total: 623 creatures vanquished

Notes
Turn   | Place    | Note
-------+----------+-------------------------------------------
     0 | D:1      | justtesting the Demonspawn Necromancer began the quest for the Orb.
     0 | D:1      | Reached XP level 1. HP: 13/13 MP: 2/2
   554 | D:1      | Gained mutation: You have a tentacle on your back. [demonic ancestry]
   554 | D:1      | Reached XP level 2. HP: 17/19 MP: 4/4
  1237 | D:1      | Gained mutation: You sometimes gain a little power by taking damage. [demonic ancestry]
  1237 | D:1      | Reached XP level 3. HP: 19/24 MP: 3/6
  1336 | D:1      | Learned a level 3 spell: Regeneration
  1374 | D:2      | Found a basalt altar of Yredelemnul.
  1436 | D:2      | Found a stormy altar of Qazlal.
  1456 | D:2      | Found an ornate altar of the Wu Jian Council.
  1467 | D:2      | Found a radiant altar of Vehumet.
  1524 | D:2      | Found an ancient bone altar of Kikubaaqudgha.
  1759 | D:2      | Found a runed door.
  1763 | D:2      | Noticed Crazy Yiuf
  1791 | D:2      | Killed Crazy Yiuf
  1791 | D:2      | Reached skill level 1 in Charms
  1791 | D:2      | Gained mutation: You are partially covered in molten scales. (AC +2) [demonic ancestry]
  1791 | D:2      | Reached XP level 4. HP: 17/30 MP: 3/5
  1955 | D:2      | Found a shimmering altar of Xom.
  2160 | D:3      | Found a faded altar of an unknown god.
  2345 | D:3      | Found a snail-covered altar of Cheibriados.
  2345 | D:3      | Found a bloodstained altar of Trog.
  2417 | D:3      | Gained mutation: You may emit foul miasma when damaged in melee. [demonic ancestry]
  2417 | D:3      | Reached XP level 5. HP: 29/35 MP: 6/6
  2682 | D:3      | Found a viscous altar of Jiyva.
  2695 | D:3      | Became a worshipper of Jiyva Jydyuzo the Shapeless
  2783 | D:3      | Found a burning altar of Makhleb.
  2954 | D:4      | Noticed a centaur
  2958 | D:4      | Killed a centaur
  2958 | D:4      | Gained mutation: You are mostly covered in molten scales. (AC +3) [demonic ancestry]
  2958 | D:4      | Reached XP level 6. HP: 23/41 MP: 8/8
  3028 | D:4      | Found a glowing drain.
  3043 | Sewer    | Entered a sewer
  3573 | D:4      | Reached * piety under Jiyva
  3808 | D:4      | Gained mutation: You have a large tentacle on your back. [demonic ancestry]
  3808 | D:4      | Reached XP level 7. HP: 45/46 MP: 10/10
  3862 | D:4      | Found an opulent altar of Gozag.
  4082 | D:4      | Gained mutation: You are somewhat resistant to further mutation. [Jiyva's grace]
  4267 | D:4      | Found a white marble altar of Elyvilon.
  4322 | D:5      | Entered Level 5 of the Dungeon
  4472 | D:5      | Reached skill level 5 in Dodging
  4472 | D:5      | Reached skill level 1 in Unarmed Combat
  4524 | D:5      | Found a sacrificial altar of Ru.
  4710 | D:5      | Reached ** piety under Jiyva
  4780 | D:5      | Gained mutation: You sometimes gain power by taking damage. [demonic ancestry]
  4780 | D:5      | Reached XP level 8. HP: 36/52 MP: 9/12
  5072 | D:5      | Reached skill level 1 in Polearms
  5275 | D:5      | Found a glowing silver altar of Zin.
  5276 | D:5      | Noticed an angel
  5372 | D:6      | Found a hide-covered altar of Uskayaw.
  5523 | D:6      | Reached skill level 2 in Polearms
  5711 | D:6      | Reached skill level 3 in Polearms
  5749 | D:6      | Found a corrupted altar of Lugonu.
  5997 | D:6      | Found an iron altar of Okawaru.
  6108 | D:6      | Gained mutation: You have sharp toenails. [Jiyva's grace]
  6118 | D:6      | Reached skill level 4 in Polearms
  6172 | D:6      | Reached *** piety under Jiyva
  6344 | D:6      | Gained mutation: You are resistant to electric shocks. (rElec) [mutagenic hatch]
  6368 | D:7      | Reached skill level 5 in Polearms
  6370 | D:7      | Reached XP level 9. HP: 45/57 MP: 10/14
  6489 | D:7      | Reached skill level 6 in Polearms
  6642 | D:7      | Found a shadowy altar of Dithmenos.
  6728 | D:7      | Reached skill level 7 in Polearms
  6771 | D:7      | Found a deep blue altar of Sif Muna.
  6866 | D:7      | Learned a level 1 spell: Beastly Appendage
  6925 | D:7      | Reached skill level 1 in Transmutations
  6980 | D:7      | Found a glowing golden altar of the Shining One.
  6982 | D:7      | Found a sparkling altar of Nemelex Xobeh.
  7243 | D:8      | Reached skill level 8 in Polearms
  7255 | D:8      | Reached **** piety under Jiyva
  7255 | D:8      | Gained mutation: Your body is covered in golden eyes which may confuse attackers. (Acc +7) [Jiyva's grace]
  7551 | D:8      | Reached skill level 9 in Polearms
  7784 | D:8      | Gained mutation: You sometimes emit foul miasma when damaged in melee. [demonic ancestry]
  7784 | D:8      | Reached XP level 10. HP: 49/63 MP: 11/14
  7994 | D:8      | Gained mutation: You have razor-sharp toenails. [mutagenic hatch]
  8016 | D:9      | Learned a level 4 spell: Animate Dead
  8117 | D:9      | Reached skill level 10 in Polearms
  8174 | D:9      | Noticed Prince Ribbit
  8182 | D:9      | Killed Prince Ribbit
  8239 | D:9      | Noticed Grum
  8266 | D:9      | Killed Grum
  8595 | D:9      | Noticed an orc sorcerer
  8607 | D:9      | Noticed a two-headed ogre
  8620 | D:9      | Reached skill level 11 in Polearms
  8706 | D:9      | Killed a two-headed ogre
  8768 | D:9      | Noticed an unseen horror
  8769 | D:9      | Killed an unseen horror
  8855 | D:9      | Reached XP level 11. HP: 67/68 MP: 12/12
  8905 | D:9      | Noticed a soul eater
  8907 | D:9      | Killed an orc sorcerer
  8907 | D:9      | Reached skill level 12 in Polearms
  9057 | D:10     | Entered Level 10 of the Dungeon
  9153 | D:10     | Noticed an unseen horror
  9160 | D:10     | Killed an unseen horror
  9358 | D:10     | Noticed an orc sorcerer
  9365 | D:10     | Killed an orc sorcerer
  9416 | D:10     | Gained mutation: Your mind is acute. (Int +5) [Jiyva's grace]
  9426 | D:10     | Reached ***** piety under Jiyva
  9737 | D:10     | Noticed a great orb of eyes
  9765 | D:10     | Killed a great orb of eyes
  9765 | D:10     | Reached skill level 13 in Polearms
  9972 | D:11     | Noticed a death yak
  9972 | D:11     | Noticed a death yak
  9972 | D:11     | Noticed a death yak
  9995 | D:11     | Killed a death yak
  9999 | D:11     | Killed a death yak
 10008 | D:11     | Killed a death yak
 10086 | D:11     | Found an opulent altar of Gozag.
 10114 | D:11     | Noticed an orc high priest
 10141 | D:11     | Killed an orc high priest
 10141 | D:11     | Reached XP level 12. HP: 74/74 MP: 16/16
 10354 | D:11     | Noticed a two-headed ogre
 10363 | D:11     | Killed a two-headed ogre
 10363 | D:11     | Reached skill level 14 in Polearms
 10482 | D:11     | Gained mutation: You are agile. (Dex +5) [Jiyva's grace]
 10636 | D:11     | Found a gateway to a bazaar.
 10657 | D:11     | Noticed a two-headed ogre
 10669 | D:11     | Killed a two-headed ogre
 10799 | Bazaar   | Entered a bazaar
 10799 | Bazaar   | Found Hivioschu's Gadget Shoppe.
 10799 | Bazaar   | Found Lohyin's Distillery.
 10799 | Bazaar   | Found Jutuew's Antique Armour Emporium.
 10800 | Bazaar   | Found Dudarroh's Assorted Antiques.
 10822 | Bazaar   | Bought a +1 cloak of stealth for 412 gold pieces
 10846 | Bazaar   | Bought a potion of heal wounds for 90 gold pieces
 10848 | Bazaar   | Gained mutation: Your muscles are strong. (Str +5) [potion of mutation]
 10852 | Bazaar   | Bought a scroll of blinking for 255 gold pieces
 10926 | D:12     | Reached skill level 10 in Dodging
 11185 | D:12     | Reached skill level 1 in Fighting
 11217 | D:12     | Reached skill level 1 in Evocations
 11247 | D:12     | Noticed an orc high priest
 11252 | D:12     | Killed an orc high priest
 11392 | D:12     | Noticed a two-headed ogre
 11399 | D:12     | Killed a two-headed ogre
 11399 | D:12     | Reached skill level 15 in Polearms
 11544 | D:12     | Gained mutation: You have a beak for a mouth. [Jiyva's grace]
 11571 | D:12     | Reached XP level 13. HP: 87/87 MP: 14/18
 12465 | D:13     | Found a gateway to a bazaar.
 12810 | D:14     | Reached skill level 5 in Fighting
 12902 | D:14     | Gained mutation: You have claws for feet. [Jiyva's grace]
 12909 | D:14     | Reached skill level 5 in Evocations
 13034 | D:14     | Reached ****** piety under Jiyva
 13865 | D:15     | Entered Level 15 of the Dungeon
 13945 | D:15     | Reached skill level 5 in Stealth
 13966 | D:15     | Found a staircase to the Orcish Mines.
 14008 | D:15     | Reached skill level 1 in Summonings
 14092 | D:15     | Noticed Roxanne
 14243 | D:15     | Lost mutation: You are agile. (Dex +5) [Jiyva's grace]
 14456 | D:15     | Gained mutation: Your magical and physical power is slightly enhanced at high health. [demonic ancestry]
 14456 | D:15     | Reached XP level 14. HP: 103/103 MP: 19/19
 14505 | D:15     | Found a staircase to the Depths.
 14784 | D:15     | Reached skill level 5 in Summonings
 14930 | D:15     | Found a gate to the Vaults.
 15099 | D:15     | Noticed Rupert
 15146 | D:15     | Killed Rupert
 15464 | Orc:1    | Entered Level 1 of the Orcish Mines
 15691 | Orc:1    | Gained mutation: A frigid envelope surrounds you and freezes all who hurt you. [Jiyva's grace]
 15907 | Orc:2    | Entered Level 2 of the Orcish Mines
 15955 | Orc:2    | Found a staircase to the Snake Pit.
 16055 | Orc:2    | Found a staircase to the Slime Pits.
 16636 | Orc:2    | Lost mutation: You are somewhat resistant to further mutation. [Jiyva's grace]
 16765 | Orc:2    | Found a gateway to a bazaar.
 16909 | Bazaar   | Learned a level 6 spell: Shadow Creatures
 16948 | Snake:1  | Entered Level 1 of the Snake Pit
 16979 | Snake:1  | Reached skill level 10 in Fighting
 17120 | Snake:1  | Got the Catalogue of the Dusty Arsonist
 17941 | Snake:1  | Lost mutation: Your mind is acute. (Int +5) [mutagenic hatch]
 18011 | Snake:2  | Gained mutation: You resist negative energy. (rN+) [potion of mutation]
 18135 | Snake:2  | Noticed Aizul
 18161 | Snake:2  | Killed Aizul
 18161 | Snake:2  | Gained mutation: Your prehensile tentacle constricts enemies. [demonic ancestry]
 18161 | Snake:2  | Reached XP level 15. HP: 54/117 MP: 20/20
 18979 | Snake:2  | Gained mutation: Your flesh is heat resistant. (rF+) [Jiyva's grace]
 19433 | Snake:3  | Entered Level 3 of the Snake Pit
 19617 | Snake:3  | Noticed Vashnia
 19767 | Snake:3  | Killed from afar by Vashnia

Skill      XL: |  1  2  3  4  5  6  7  8  9 10 11 12 13 14 15 |
---------------+----------------------------------------------+-----
Necromancy     | 6 7 8 |  8.9
Charms         | 1 2 |  2.0
Dodging        | 2 3 4 5 6 7 9 10 | 10.1
Unarmed Combat | 2 |  2.4
Polearms       | 5 9 11 13 15 | 15.5
Transmutations | 1 |  1.0
Fighting       | 3 7 10 12 | 12.3
Evocations     | 3 5 |  5.7
Stealth        | 5 |  5.0
Summonings     | 3 9 |  9.3

Action                   |  1- 3 |  4- 6 |  7- 9 | 10-12 | 13-15 || total
-------------------------+-------+-------+-------+-------+-------++-------
Melee: Dagger            |    56 |    17 |       |       |       ||    73
       Tentacles         |     2 |    11 |    17 |    68 |    83 ||   181
       Quarterstaff      |       |   165 |   176 |       |       ||   341
       Kick              |       |       |    33 |   127 |   198 ||   358
       Glaive            |       |       |    76 |   501 |   686 ||  1263
       Headbutt          |       |       |    10 |    89 |   113 ||   212
       Peck              |       |       |       |     6 |   131 ||   137
       Unarmed           |       |       |       |       |    33 ||    33
       Constrict         |       |       |       |       |     9 ||     9
Throw: Javelin           |     6 |    13 |    18 |    16 |    14 ||    67
       Tomahawk          |       |       |       |     4 |     7 ||    11
       Poisoned dart     |       |       |       |     6 |     9 ||    15
       Curare dart       |       |       |       |     3 |     2 ||     5
 Cast: Pain              |    44 |     5 |    98 |    15 |     1 ||   163
       Regeneration      |     1 |       |       |       |       ||     1
       Beastly Appendage |       |       |     1 |       |       ||     1
       Animate Dead      |       |       |       |     1 |       ||     1
  Use: Scroll            |       |       |     3 |     4 |     5 ||    12
       Potion            |       |       |       |     2 |     7 ||     9
 Stab: Sleeping          |     7 |     5 |    10 |     9 |    18 ||    49
       Petrified         |       |       |     2 |       |       ||     2
       Confused          |       |       |     5 |    24 |    14 ||    43
       Paralysed         |       |       |     3 |       |       ||     3
       Distracted        |       |       |       |     3 |     7 ||    10
Armor: Robe              |    18 |    66 |    49 |    27 |       ||   160
       Troll leather arm |       |       |       |    36 |   113 ||   149
Dodge: Dodged            |    48 |   161 |   201 |   249 |   412 ||  1071
